Map: 16-Bit LE

Players

Must - Winner!

  • Race: Zerg Zerg
  • League: Platinum
  • Spawn Location: 7:00

move

  • Race: Terran Terran
  • League: Platinum
  • Spawn Location: 1:00

VOD

Have the link to the VOD?

Description

Time

  • Played on: July 27, 2018, 5:13 a.m.
  • Length: 13:35
Show
View Real Time Build Order
Export as new Build Order

Must Zerg - Winner!

Build Orders: Hatch First 

Get SALT Encoding   

  12  0:01  Drone  
  13  0:12  Overlord  
  13  0:18  Drone  
  14  0:32  Drone x2  
  14  0:34  Drone  
  17  0:45  Drone  
  18  0:57  Hatchery  
  18  1:02  Drone  
  18  1:13  Spawning Pool  
  18  1:16  Drone  
  18  1:20  Extractor  
  18  1:22  Drone  
  18  1:28  Drone  
  19  1:39  Drone  
  20  1:49  Overlord  
  20  2:04  Queen  
  20  2:06  Overlord  
  22  2:13  Queen  
  22  2:14  Drone  
  22  2:15  Zergling x2  
  26  2:24  Zergling x2  
  26  2:25  Drone  
  26  2:29  Extractor  
  27  2:32  Drone  
  27  2:33  Drone  
  29  2:45  Lair  
  29  2:48  Queen  
  31  3:05  Drone x6  
  37  3:14  Overlord  
  37  3:15  Drone  
  37  3:16  Drone  
  39  3:21  Drone  
  40  3:41  Drone x3  
  40  3:42  Drone x4  
  47  3:54  Baneling Nest  
  46  3:57  Evolution Chamber  
  45  4:06  Drone x5, Hydralisk Den  
  50  4:18  Spire  
  49  4:27  Extractor  
  49  4:28  Extractor  
  49  4:29  Queen  
  49  4:30  Overlord, Drone  
  49  4:31  Overlord, Drone x2  
  52  4:53  Hatchery  
  51  5:14  Drone  
  51  5:15  Drone x13  
  51  5:21  Overlord  
  65  5:31  Pneumatized Carapace  
  65  5:38  Overlord, Roach Warren  
  65  5:39  Drone x2  
  66  5:48  Mutalisk x4  
  73  5:58  Queen  
  76  6:05  Zergling x2  
  76  6:06  Zergling x8  
  76  6:08  Metabolic Boost  
  80  6:16  Mutalisk  
  82  6:18  Overlord x3  
  82  6:26  Overlord x3  
  82  7:10  Mutalisk x9  
  100  7:46  Mutalisk x6  
  112  8:01  Hatchery  
  112  8:05  Hatchery  
  110  8:07  Mutalisk  
  110  8:08  Mutalisk x2  
  116  8:23  Mutalisk  
  116  8:24  Mutalisk  
  120  8:28  Zergling x2  
  120  8:29  Zergling x12  
  127  8:42  Hatchery  
  126  8:56  Spore Crawler  
  125  9:11  Zergling x12  
  125  9:14  Mutalisk, Overlord  
  131  9:17  Overlord x3  
  131  9:28  Zergling x8  
  135  9:37  Drone x5  
  140  9:57  Mutalisk x8  
  140  9:59  Baneling  
  152  10:00  Baneling x4  
  152  10:10  Zergling x12  
  152  10:12  Baneling  
  152  10:13  Baneling x5  
  158  10:18  Extractor  
  158  10:19  Extractor  
  156  10:27  Glial Reconstitution  
  156  10:31  Drone  
  156  10:32  Drone x12  
  156  10:33  Zergling x8  
  156  10:35  Overlord x4  
  173  10:42  Baneling x8  
  142  11:14  Zergling x6  
  142  11:15  Zergling x40  
  150  11:24  Zergling x10  
  153  11:31  Zergling x2  
  153  11:32  Zergling x10  
  151  11:42  Zergling x14  
  136  12:10  Roach x11  
  136  12:11  Roach x7  
  149  12:31  Baneling  
  149  12:32  Baneling x12  
  149  12:33  Baneling x11  
  149  12:34  Roach x7  
  162  12:53  Extractor  
  162  12:55  Extractor  
  147  13:14  Roach x2  
  147  13:15  Roach x16  
Show
View Real Time Build Order
Export as new Build Order

move Terran 

Build Orders: Command Center First (CC), MMM Bio 

Get SALT Encoding   

  12  0:01  SCV  
  13  0:13  SCV  
  14  0:18  Supply Depot  
  14  0:26  SCV  
  15  0:41  SCV  
  16  0:54  SCV  
  17  1:02  Command Center  
  17  1:10  SCV  
  18  1:22  SCV  
  19  1:27  Barracks  
  19  1:43  Refinery  
  19  1:51  SCV  
  20  2:14  Orbital Command  
  20  2:17  Supply Depot  
  20  2:20  Refinery, SCV  
  21  2:33  SCV  
  21  2:37  Barracks Tech Lab  
  22  2:43  Barracks  
  22  2:45  SCV x2  
  24  2:55  Factory  
  24  2:57  SCV  
  25  3:00  Marine  
  25  3:03  SCV  
  27  3:07  Refinery x2  
  27  3:09  SCV  
  28  3:13  Combat Shields  
  28  3:16  SCV  
  28  3:18  Marine  
  30  3:21  SCV  
  31  3:32  Barracks Reactor  
  31  3:34  SCV x2  
  32  3:42  Starport  
  32  3:46  SCV  
  33  3:57  Barracks  
  33  4:03  Marine  
  33  4:09  Marine x2  
  36  4:10  Factory Tech Lab  
  36  4:17  SCV x2  
  36  4:20  Barracks  
  36  4:21  Marine  
  39  4:27  Medivac  
  39  4:29  SCV x2  
  43  4:41  SCV x2  
  43  4:42  Stimpack  
  43  4:43  Marine  
  46  4:58  SCV x2, Marine x2, Supply Depot  
  50  5:08  Barracks Reactor  
  50  5:10  SCV x2  
  52  5:16  Engineering Bay  
  52  5:18  Engineering Bay  
  52  5:20  Siege Tank  
  52  5:21  Marine x3  
  55  5:22  SCV x2  
  60  5:34  SCV x2  
  62  5:40  Barracks Reactor  
  62  6:00  Orbital Command  
  62  6:17  Starport Reactor  
  62  6:21  Terran Infantry Weapons Level 1, Terran Infantry Armor Level 1  
  62  6:23  Supply Depot  
  62  6:25  Supply Depot x2  
  62  6:27  Supply Depot  
  62  6:28  Supply Depot x2  
  62  6:35  Command Center  
  62  6:44  Missile Turret, Marine x5  
  62  6:45  Siege Tank  
  70  6:47  Sensor Tower  
  70  6:48  Missile Turret  
  70  6:55  Missile Turret  
  70  6:57  Concussive Shells  
  70  7:00  Missile Turret  
  70  7:04  Barracks  
  70  7:10  Medivac x2  
  74  7:39  Marine x6  
  74  7:40  Medivac x2  
  84  7:54  Barracks Tech Lab  
  84  7:55  Marine  
  84  7:57  Marine  
  78  8:13  Marine x6  
  78  8:14  Marauder, Marine  
  78  8:16  Siege Tank  
  90  8:20  SCV x2  
  90  8:22  SCV  
  90  8:25  Missile Turret  
  90  8:26  Missile Turret  
  91  8:31  Missile Turret, Marine  
  91  8:32  Missile Turret, SCV  
  91  8:33  SCV  
  94  8:34  Marine x2, Armory  
  94  8:35  Marauder  
  94  8:38  SCV  
  99  8:44  SCV  
  99  8:45  SCV  
  99  8:47  Missile Turret  
  101  8:48  Missile Turret, Siege Tank  
  101  8:50  SCV  
  105  9:02  Marine x4  
  107  9:03  Marauder x2  
  113  9:11  SCV x3  
  116  9:25  Missile Turret  
  116  9:28  Terran Infantry Weapons Level 2, Terran Infantry Armor Level 2  
  116  9:36  Marine  
  116  9:37  Marine x2  
  119  10:10  Marine x2  
  119  10:11  Marauder x2  
  125  10:16  Supply Depot x2  
  125  10:17  Supply Depot  
  125  10:20  Liberator x2  
  125  10:37  Refinery  
  125  10:38  Marauder, Marine  
  125  10:39  Refinery  
  134  10:47  Terran Vehicle Weapons Level 1  
  134  10:52  Factory  
  134  10:55  Orbital Command  
  124  11:13  Marauder x2, Marine x4  
  104  11:21  Marine x2  
  104  11:23  Viking x2  
  100  11:31  Marine x4  
  98  11:35  Marauder x2  
  98  11:39  Marine x2  
  94  11:48  Marine x2  
  94  11:53  Viking x2  
  99  11:56  Marauder x2  
  100  12:03  Marine  
  100  12:04  Marine x2  
  102  12:13  Marine x2  
  92  12:16  Marine  
  92  12:18  Marauder x2  
  92  12:22  Marine x2  
  81  12:23  Viking  
  81  12:25  Marine  
  81  12:27  Orbital Command  
  78  12:30  Marine  
  78  12:31  Marine  
  78  12:33  Marine  
  78  12:34  Medivac  
  78  12:39  Marauder x2  
  78  12:40  Marine  
  78  12:41  Marine  
  78  12:43  Marine  
  84  12:48  Marine  
  84  12:49  Marine  
  84  12:50  Factory Reactor  
  86  12:51  Marine  
  86  12:53  Medivac  
  86  12:58  Marine  
  90  13:00  Marauder x2  
Tags
 
Add a new tag
Caveats
  • Supply blocks, unpowered buildings, or Contaminate may cause inaccurate times.
  • Supply counts are checked every 10 seconds.